 Dungeon Crawl Stone Soup version 0.16.1-11-g651b585 (webtiles) character file.

446675 karlm the Slayer (level 23, -8/301 (315) HPs)
             Began as a Minotaur Berserker on Apr 5, 2015.
             Was the Champion of Trog.
             Mangled by a vault warden
             ... wielding a +0 war axe
              (18 damage)
             ... on level 3 of the Vaults on Apr 6, 2015.
             The game lasted 03:45:53 (64355 turns).

karlm the Slayer (Minotaur Berserker)              Turns: 64355, Time: 03:45:53

HP:   -8/301 (315)  AC: 24    Str: 42    XL:     23   Next: 12%
MP:   20/20         EV: 14    Int:  6    God:    Trog [******]
Gold: 2825          SH: 27    Dex: 10    Spells: 0 memorised, 22 levels left

rFire  + + .     SeeInvis +     B - +8 falchion of the Open Hand {god gift, elec, +Rage rPois}
rCold  + + +     Clarity  +     G - +2 plate armour {rF+}
rNeg   . . .     SustAb   .     J - +2 large shield {rC+}
rPois  +         Gourm    .     T - +0 hat {Int+3}
rElec  .         Spirit   .     I - +2 cloak {rC+}
rCorr  .         Warding  .     O - +2 pair of gloves "Uthiong" {Str+8 Dex-4 Stlth+}
rMut   .         Stasis   .     M - +0 pair of boots {Stlth+}
MR     +....                    h - amulet "Kibi" {Clar rC+}
Stlth  ..........               Z - ring of see invisible
                                t - ring "Stetsuh" {+Inv rF+ MP-9 Str+4 Dex+2 Stlth+}

@: berserking (expiring), corroded equipment, very quick, somewhat resistant to
hostile enchantments, extremely unstealthy
A: retaliatory headbutt, horns 2, blurry vision 1, clumsy 2, deterioration 3,
dopey 1, frail 1, placid magic 1, MP-powered wands 1
a: Burn Spellbooks, Berserk, Trog's Hand, Brothers in Arms, Renounce Religion,
Evoke Berserk Rage, Evoke Invisibility
}: 2/15 runes: decaying, serpentine


You were on level 3 of the Vaults.
You worshipped Trog.
Trog was exalted by your worship.
You were hungry.

You visited 8 branches of the dungeon, and saw 44 of its levels.
You visited the Abyss 4 times.
You visited 2 bazaars.
You also visited: Sewer, Bailey, Ice Cave and Volcano.

You collected 5818 gold pieces.
You spent 2993 gold pieces at shops.

Inventory:

Hand weapons
 B - the +8 falchion of the Open Hand (weapon) {god gift, elec, +Rage rPois}
   (Trog gifted it to you on level 4 of the Lair of Beasts)

   Occasionally, upon striking a foe, it will discharge some electrical energy
   and cause terrible harm.
   It protects you from poison.
   It lets you go berserk.
Missiles
 x - 7 throwing nets
 F - 36 tomahawks (quivered)
Armour
 G - a +2 plate armour of fire resistance (worn)
 I - a +2 cloak of cold resistance (worn)
 J - a +2 large shield of cold resistance (worn)
 M - a +0 pair of boots of stealth (worn)
 O - the +2 pair of gloves "Uthiong" (worn) {Str+8 Dex-4 Stlth+}
   (You found it on level 10 of the Dungeon)

   It affects your strength (+8).
   It affects your dexterity (-4).
   It makes you more stealthy.
 T - a +0 hat of intelligence (worn)
Jewellery
 c - a cursed -2 ring of evasion
 h - the amulet "Kibi" (around neck) {Clar rC+}
   (You found it on level 3 of the Elven Halls)

   [amulet of clarity]

   It provides mental clarity.
   It protects you from cold.
 t - the ring "Stetsuh" (left hand) {+Inv rF+ MP-9 Str+4 Dex+2 Stlth+}
   (You bought it in a shop in a bazaar)

   [ring of invisibility]

   It affects your strength (+4).
   It affects your dexterity (+2).
   It protects you from fire.
   It affects your magic capacity (-9).
   It lets you turn invisible.
   It makes you more stealthy.
 y - an uncursed amulet of resist mutation
 Z - a ring of see invisible (right hand)
Magical devices
 g - a wand of heal wounds (4)
 u - a wand of digging (9)
 C - a wand of teleportation (0)
 L - a wand of teleportation (2)
 W - a wand of hasting (3)
Scrolls
 a - a scroll of brand weapon
 i - a scroll of enchant armour
 j - 9 scrolls of fear
 k - 17 scrolls of identify
 m - 4 scrolls of blinking
 q - 11 scrolls of teleportation
 v - 11 scrolls of remove curse
 w - 3 scrolls of recharging
 z - 8 scrolls of magic mapping
 E - 5 scrolls of immolation
 K - 2 scrolls of fog
 R - 3 scrolls of silence
Potions
 b - 3 potions of cancellation
 e - 2 potions of might
 f - a potion of brilliance
 l - 22 potions of curing
 p - 2 potions of flight
 r - 4 potions of haste
 D - 3 potions of magic
 H - a potion of heal wounds
 N - a potion of invisibility
 P - 4 potions of resistance
 S - a potion of restore abilities
Miscellaneous
 s - a lamp of fire
 Y - a lamp of fire
Comestibles
 d - 2 meat rations
 o - 21 beef jerkies


   Skills:
 * Level 25.1 Fighting
 * Level 25.1 Long Blades
 + Level 18.2 Armour
 + Level 16.5 Dodging
 - Level 4.3 Stealth
 + Level 17.5 Shields
 - Level 9.6 Evocations


You had 22 spell levels left.
You didn't know any spells.

Dungeon Overview and Level Annotations

Branches:
Dungeon (15/15)            Temple (1/1) D:6            Lair (8/8) D:10
  Swamp (5/5) Lair:6        Snake (5/5) Lair:6        Slime (0/6) Lair:7
    Orc (4/4) D:11            Elf (3/3) Orc:3        Vaults (3/5) D:14
  Crypt (0/3) Vaults:2     Depths (0/5) D:15

Altars:
Ashenzari
Cheibriados
Dithmenos
Elyvilon
Fedhas
Gozag
Kikubaaqudgha
Makhleb
Nemelex Xobeh
Okawaru
Qazlal
Ru
Sif Muna
Trog
Vehumet
Xom
Yredelemnul
Zin
The Shining One
Lugonu

Shops:
D:10 (   Orc:2 [   Orc:4 ?*:*   Snake:1 :   Snake:2 [   Vaults:1 [   Vaults:2 *

Portals:
Trove: Vaults:2 (give +4 ice dragon armour)

Annotations:
Snake:1 Sonja


Innate Abilities, Weirdness & Mutations

You reflexively headbutt those who attack you in melee.
You have a pair of horns on your head.
You expend magic power (3 MP) to slightly strengthen your wands.
[Scrolls take you a little longer to read.]
[You are very clumsy. (Dex -4)]
[Your body is rapidly deteriorating.]
[You are dopey. (Int -2)]
[You are frail (-10% HP).]
[Your spells are a little easier to cast, but a little less powerful.]


Message History

The ironbrand convoker is almost dead.
You block the ironbrand convoker's attack.
The sun demon misses you. You furiously retaliate!
You headbutt the sun demon. The green death closely misses you.
You furiously retaliate!
You headbutt the green death!!
You completely miss the ironbrand convoker.
Your headbutt misses the ironbrand convoker.
The ironbrand convoker is almost dead.
You block the ironbrand convoker's attack.
The red devil hits you from afar with a trident!
* * * LOW HITPOINT WARNING * * *
You slash the ironbrand convoker!
You kill the ironbrand convoker!
Trog accepts your kill.
Trog appreciates your killing of a magic user.
You block the green death's attack.
The vault sentinel blows a loud note on a signal horn!
You block the sun demon's attack.
The vault warden hits you with a war axe!!
You die...

#..............#
#..........?...#
#..####..##+#..#
#..# #..# .#
#..# +..#
#..####..####.
#.....p.....<.
#....)ppc......
######@#######
#..23224.#
#...4e.4.#
#........#
#........#
#........#
#........#
#########


You could see a vault warden, 2 green deaths, a sun demon, a deep elf
demonologist, a vault sentinel, an ironbrand convoker, a yaktaur, a rust devil,
a sixfirhy, a hellion and a red devil.

Vanquished Creatures
  the Lernaean hydra (Swamp:5)
  7 bone dragons
  Nikola (Snake:1)
  A hellephant (Abyss:1)
  2 tentacled monstrosities (Abyss:1)
  5 liches (Abyss:1)
  Vashnia (Snake:2)
  A quicksilver dragon (Abyss:1)
  A deep elf blademaster (Elf:3)
  A deep elf master archer (Elf:3)
  Rupert (Snake:3)
  Agnes (Swamp:3)
  3 Executioners
  Kirke (D:14)
  A thorn hunter (Swamp:4)
  Frances (Elf:1)
  17 tentacled starspawn
  Roxanne (Swamp:3)
  2 daevas (Abyss:1)
  8 greater nagas
  A frost giant (Vaults:3)
  Maud (Elf:1)
  3 vault wardens
  Aizul (Snake:2)
  Louise (Swamp:5)
  A cacodemon (Abyss:1)
  A draconian knight (Abyss:1)
  Gastronok (Lair:2)
  4 deep elf sorcerers (Elf:3)
  3 very ugly things
  3 reapers
  2 balrugs (Abyss:1)
  3 ironheart preservers
  An ophan (Abyss:1)
  3 stone giants (Vaults:2)
  12 deep elf annihilators (Elf:3)
  2 lorocyprocas (Abyss:1)
  3 deep elf demonologists
  7 vault guards
  5 deep elf death magi (Elf:3)
  Snorg (Elf:1)
  2 eidola
  A crystal guardian (Vaults:2)
  3 deep elf high priests (Elf:3)
  A quicksilver dragon zombie (Abyss:2)
  A fire dragon (Lair:8)
  4 great orbs of eyes
  Josephine (Snake:1)
  7 yaktaur captains
  3 death drakes (Abyss:1)
  Fannar (Lair:5)
  8 rakshasas
  A ghost crab (Swamp:2)
  Harold (Lair:4)
  8 naga warriors
  28 hydras
  10 centaur warriors
  Nessos (Snake:1)
  3 ogre magi
  2 quicksilver dragon skeletons (Abyss:1)
  18 anacondas
  7 alligators
  A catoblepas (D:15)
  16 dancing weapons
  14 thrashing horrors
  A vampire mage (Vaults:2)
  14 naga sharpshooters
  10 death yaks (Lair:6)
  2 sun demons (Abyss:1)
  2 hell hogs (Abyss:1)
  Urug (Elf:1)
  4 orc high priests
  A soul eater (Abyss:1)
  Nergalle (D:10)
  13 deep elf knights
  A titan skeleton (Abyss:1)
  5 shock serpents
  17 wretched stars
  6 unseen horrors
  3 fire crabs
  4 shadow wraiths
  A flayed ghost (Vaults:2)
  An ice devil (Abyss:1)
  5 hell knights (Abyss:1)
  4 giant orange brains (Abyss:1)
  A death drake (shapeshifter) (D:15)
  12 swamp dragons
  A shambling mangrove (Swamp:3)
  4 skeletal warriors (D:13)
  6 deep elf summoners
  A wizard (Vaults:3)
  8 hill giants
  5 griffons
  An ice statue (IceCv)
  7 naga ritualists
  10 deep elf conjurers
  6 mana vipers
  9 cyclopes
  A stone giant zombie (Abyss:1)
  5 wolf spiders
  A hornet (Vaults:1)
  A salamander (shapeshifter) (Vaults:3)
  7 ironbrand convokers
  11 orc knights
  23 ugly things
  A manticore (D:15)
  2 necromancers
  5 worldbinders
  9 salamanders
  4 orc sorcerers
  2 sixfirhies
  16 elephants
  A stone giant skeleton (Vaults:1)
  5 vault sentinels
  2 rust devils (Abyss:1)
  2 molten gargoyles (Volcano)
  Maurice (Orc:1)
  A moth of wrath (shapeshifter) (D:15)
  34 black mambas
  3 apocalypse crabs
  6 centaur zombies
  A black mamba (shapeshifter) (Vaults:2)
  2 eyes of devastation
  A guardian serpent (shapeshifter) (D:12)
  5 orange demons
  21 naga magi
  26 spiny frogs
  2 gargoyles
  14 guardian serpents
  7 efreet
  9 smoke demons
  A hellion (Abyss:1)
  An elf (shapeshifter) (Vaults:3)
  2 demonic crawlers
  8 komodo dragons
  14 yaktaurs
  A kobold demonologist (Vaults:2)
  A tormentor (Abyss:3)
  9 ancient zymes (Abyss:1)
  5 fire drakes
  9 deep elf priests
  2 hellwings
  15 freezing wraiths
  A queen bee (D:8)
  11 trolls
  A troll (shapeshifter) (Abyss:3)
  8 polar bears (Lair:8)
  5 wandering mushrooms (Lair:2)
  4 giant leeches
  2 wolf spider simulacra (IceCv)
  5 boulder beetles
  14 blink frogs
  4 baby alligators (Swamp:2)
  A jumping spider (Elf:2)
  23 slime creatures
  3 two-headed ogres
  48 raiju
  5 ravens
  16 bog bodies
  An iron dragon simulacrum (Abyss:1)
  7 spriggans
  3 basilisks
  8 wraiths
  2 trapdoor spiders (D:15)
  43 starcursed masses
  5 redbacks
  A vampire (Abyss:3)
  62 yaks
  3 shadows
  2 tarantellas (Elf:1)
  32 deep elf magi
  A human simulacrum (Vaults:2)
  8 chaos spawn
  4 fire bats (Volcano)
  10 hippogriffs
  13 ynoxinuls
  Eustachio (D:5)
  A redback (shapeshifter) (D:14)
  A golden eye (Abyss:1)
  5 hogs (D:14)
  2 mottled dragons
  A death yak simulacrum (IceCv)
  Grum (Orc:1)
  16 wolves
  2 air elementals
  3 hungry ghosts
  7 neqoxecs
  A warg (shapeshifter) (Vaults:2)
  26 swamp worms
  25 vampire mosquitoes
  21 deep elf fighters
  3 steam dragons
  33 water moccasins
  12 wargs
  10 insubstantial wisps
  6 hell hounds
  2 human zombies
  A soldier ant (D:12)
  52 nagas
  15 porcupines
  35 large abominations
  38 small abominations
  47 orc warriors
  14 black bears
  An ogre skeleton (Vaults:1)
  14 swamp drakes
  2 human skeletons
  9 sky beasts
  15 ice beasts
  An elf zombie (Vaults:1)
  3 phantoms
  7 wasps
  17 centaurs
  4 eyes of draining
  21 ogres
  6 big kobolds
  An ogre (shapeshifter) (D:14)
  21 crocodiles
  A boring beetle (Lair:8)
  Sigmund (D:5)
  21 giant frogs
  A brain worm (D:15)
  An earth elemental (Abyss:3)
  3 wights (D:13)
  4 scorpions
  4 jellies
  35 killer bees
  A vampire bat (Lair:3)
  3 lava snakes (Volcano)
  An electric eel (Lair:2)
  A wasp zombie (D:14)
  2 crimson imps
  3 goliath beetles
  22 hounds
  6 quasits
  A draconian simulacrum (IceCv)
  13 iguanas
  3 centaur skeletons
  A giant frog skeleton (D:8)
  27 orc wizards
  6 iron imps (Abyss:1)
  19 orc priests
  Natasha (thrice) (D:3)
  A wolf simulacrum (IceCv)
  3 hell rats
  10 worker ants
  4 troll simulacra (IceCv)
  31 sheep
  2 spriggan simulacra (IceCv)
  Ijyb (D:5)
  A hound zombie (D:8)
  5 centaur simulacra (IceCv)
  2 mummies
  6 gnolls
  5 naga simulacra (IceCv)
  3 ogre simulacra (IceCv)
  36 river rats
  24 white imps
  23 adders
  A giant mite (D:5)
  3 worms
  3 shadow imps
  17 ufetubi
  2 adder skeletons
  10 giant geckos
  174 orcs
  A ball python (D:3)
  A bat zombie (D:6)
  22 hobgoblins
  52 kobolds
  13 quokkas
  33 bats
  6 giant cockroaches
  A giant gecko zombie (D:6)
  5 giant newts
  3 giant spores
  23 goblins
  16 jackals
  A kobold zombie (Abyss:1)
  2 lurking horrors (Abyss:1)
  9 rats
  8 ballistomycetes
  4 fungi
  10 plants
  4 starspawn tentacles
2347 creatures vanquished.

Vanquished Creatures (others)
  An anaconda (Snake:5)
  A black mamba (Lair:7)
  3 necromancers (Abyss:1)
  A human (D:14)
  A human skeleton (Abyss:1)
  A swamp drake (Swamp:2)
  A quasit (Abyss:2)
  An iguana (Lair:8)
  A hell rat (Vaults:1)
  2 ufetubi (Abyss:3)
  2 giant spores
  4 lurking horrors (Abyss:1)
  6 fungi
  3 plants
  29 starspawn tentacles
  282 starspawn tentacle segments
339 creatures vanquished.

Grand Total: 2686 creatures vanquished

Notes
Turn   | Place    | Note
--------------------------------------------------------------
     0 | D:1      | karlm, the Minotaur Berserker, began the quest for the Orb.
     0 | D:1      | Reached XP level 1. HP: 19/19 MP: 1/1
   390 | D:1      | Reached skill level 4 in Long Blades
   390 | D:1      | Reached XP level 2. HP: 24/27 MP: 1/1
  1119 | D:2      | Acquired Trog's second power
  1302 | D:2      | Reached XP level 3. HP: 33/33 MP: 2/2
  1404 | D:2      | Found an iron altar of Okawaru.
  1843 | D:3      | Noticed Natasha
  1844 | D:3      | Found an ancient bone altar of Kikubaaqudgha.
  1851 | D:3      | Killed Natasha
  1851 | D:3      | Reached XP level 4. HP: 32/41 MP: 2/2
  1884 | D:3      | Noticed Natasha
  1982 | D:3      | Killed Natasha
  2257 | D:3      | Noticed Natasha
  2270 | D:3      | Killed Natasha
  2346 | D:3      | Reached skill level 5 in Long Blades
  2425 | D:3      | Reached XP level 5. HP: 38/47 MP: 2/2
  2611 | D:3      | Found a blossoming altar of Fedhas.
  2679 | D:3      | Found a shimmering altar of Xom.
  2700 | D:3      | Found a basalt altar of Yredelemnul.
  2703 | D:3      | Found a shadowy altar of Dithmenos.
  2706 | D:3      | Found a glowing silver altar of Zin.
  3263 | D:4      | Reached skill level 5 in Fighting
  3744 | D:4      | Noticed an ogre
  3752 | D:4      | Killed an ogre
  3752 | D:4      | Reached XP level 6. HP: 56/56 MP: 3/3
  4050 | D:5      | Entered Level 5 of the Dungeon
  4092 | D:5      | Reached skill level 6 in Long Blades
  4105 | D:5      | Noticed Eustachio
  4107 | D:5      | Noticed Sigmund
  4130 | D:5      | Killed Eustachio
  4130 | D:5      | Reached XP level 7. HP: 19/63 MP: 3/3
  4143 | D:5      | Killed Sigmund
  4213 | D:5      | Found a glowing drain.
  4219 | Sewer    | Entered a sewer
  4462 | Sewer    | Acquired Trog's third power
  4462 | Sewer    | Reached skill level 7 in Long Blades
  4462 | Sewer    | Reached skill level 5 in Armour
  4571 | D:5      | Noticed Ijyb
  4603 | D:5      | Killed Ijyb
  4812 | D:5      | Reached skill level 1 in Shields
  4812 | D:5      | Reached XP level 8. HP: 73/73 MP: 3/3
  5590 | D:6      | Reached skill level 8 in Long Blades
  6167 | D:6      | Found a staircase to the Ecumenical Temple.
  6182 | Temple   | Entered the Ecumenical Temple
  6466 | D:7      | Reached skill level 5 in Dodging
  6822 | D:7      | Reached XP level 9. HP: 67/82 MP: 4/4
  6917 | D:7      | Reached skill level 9 in Long Blades
  7579 | D:8      | Noticed a hill giant
  7585 | D:8      | Killed a hill giant
  7585 | D:8      | Reached skill level 10 in Long Blades
  7994 | D:8      | Reached skill level 5 in Shields
  8376 | D:8      | Found a white marble altar of Elyvilon.
  8400 | D:8      | Noticed a gargoyle
  8421 | D:8      | Reached XP level 10. HP: 90/93 MP: 4/4
  8428 | D:8      | Killed a gargoyle
  8428 | D:8      | Reached skill level 10 in Fighting
  9168 | D:8      | Reached skill level 11 in Long Blades
  9788 | D:9      | Received a gift from Trog
  9789 | D:9      | Got a bloodstained falchion {god gift}
  9791 | D:9      | Identified the +6 falchion of Uciu {god gift, speed, rElec rPois Dex+4 Stlth-} (Trog gifted it to you on level 9 of the Dungeon)
 10091 | D:9      | Found a sacrificial altar of Ru.
 10476 | D:10     | Entered Level 10 of the Dungeon
 10526 | D:10     | Killed an unseen horror
 10775 | D:10     | Found a burning altar of Makhleb.
 10887 | D:10     | Reached XP level 11. HP: 97/102 MP: 4/4
 11072 | D:10     | Noticed an elephant
 11080 | D:10     | Noticed Nergalle
 11089 | D:10     | Killed an elephant
 11106 | D:10     | Noticed a spectral orc warlord
 11112 | D:10     | Killed Nergalle
 11142 | D:10     | Found a staircase to the Lair.
 11307 | D:10     | Got a pair of crude gloves
 11318 | D:10     | Identified the +2 pair of gloves "Uthiong" {Str+8 Dex-4 Stlth+} (You found it on level 10 of the Dungeon)
 11338 | D:10     | Reached skill level 12 in Long Blades
 11563 | D:10     | Found Clokkacs' Weapon Emporium.
 11725 | Lair:1   | Entered Level 1 of the Lair of Beasts
 12859 | Lair:1   | Noticed an eight-headed hydra
 12865 | Lair:1   | Killed a 11-headed hydra
 13064 | Lair:2   | Reached skill level 13 in Long Blades
 13077 | Lair:2   | Received a gift from Trog
 13257 | Lair:2   | Reached XP level 12. HP: 113/113 MP: 5/5
 13609 | Lair:2   | Noticed Gastronok
 13652 | Lair:2   | Killed Gastronok
 13843 | Lair:3   | Noticed a seven-headed hydra
 13851 | Lair:3   | Killed a 11-headed hydra
 14282 | Lair:3   | Found an ancient bone altar of Kikubaaqudgha.
 14320 | Lair:3   | Reached skill level 10 in Armour
 14713 | Lair:4   | Found a dark tunnel.
 14713 | Lair:4   | Noticed a four-headed hydra
 14731 | Lair:4   | Killed a 16-headed hydra
 14731 | Lair:4   | Reached skill level 14 in Long Blades
 14739 | Volcano  | Entered a volcano
 15611 | Volcano  | Found a radiant altar of Vehumet.
 15969 | Lair:4   | Found a staircase to the Snake Pit.
 16053 | Lair:4   | Reached XP level 13. HP: 120/124 MP: 5/5
 16392 | Lair:4   | Received a gift from Trog
 16402 | Lair:4   | Got a scorched falchion {god gift}
 16403 | Lair:4   | Identified the +8 falchion of the Open Hand {god gift, elec, +Rage rPois} (Trog gifted it to you on level 4 of the Lair of Beasts)
 16481 | Lair:4   | Noticed Harold
 16490 | Lair:4   | Killed Harold
 17250 | Lair:5   | Noticed Fannar
 17286 | Lair:5   | Killed Fannar
 17548 | Lair:6   | Reached skill level 1 in Evocations
 17697 | Lair:6   | Reached skill level 10 in Dodging
 17709 | Lair:6   | Reached skill level 15 in Long Blades
 17709 | Lair:6   | Reached skill level 10 in Shields
 17730 | Lair:6   | Found a staircase to the Snake Pit.
 17751 | Lair:6   | Reached skill level 15 in Fighting
 18176 | Lair:6   | Found a staircase to the Swamp.
 18250 | Lair:6   | Reached XP level 14. HP: 96/135 MP: 8/11
 18674 | Lair:7   | Got a crude short sword
 18675 | Lair:7   | Identified the +6 short sword "Wohimu" {holy, Int+4} (You found it on level 7 of the Lair of Beasts)
 19460 | Lair:7   | Found a staircase to the Slime Pits.
 19586 | Lair:8   | Entered Level 8 of the Lair of Beasts
 19592 | Lair:8   | Received a gift from Trog
 19797 | Lair:8   | Gained mutation: You are partially covered in yellow scales (AC +2). [potion of beneficial mutation]
 20331 | Lair:8   | Reached skill level 16 in Long Blades
 20677 | Lair:8   | Received a gift from Trog
 20690 | Lair:8   | Identified a scroll of acquirement
 20693 | Lair:8   | Got a pair of shimmering gloves
 20704 | Lair:8   | Identified the -7 pair of gloves of Predgh {rF+ Regen+ Int-3} (You acquired it on level 8 of the Lair of Beasts)
 20862 | Lair:8   | Received a gift from Trog
 21526 | D:11     | Found a flickering gateway to a bazaar.
 21534 | Bazaar   | Entered a bazaar
 21559 | Bazaar   | Found Sausm's Food Boutique.
 21601 | Bazaar   | Found Vokhloypo's Book Boutique.
 21625 | Bazaar   | Found Smover's Food Shoppe.
 21660 | Bazaar   | Found Boeffuce's Distillery.
 21723 | Bazaar   | Found Dopoet's Antique Weapon Shoppe.
 21802 | Bazaar   | Bought a potion of curing for 33 gold pieces
 21802 | Bazaar   | Bought a potion of haste for 110 gold pieces
 21802 | Bazaar   | Bought a potion of might for 44 gold pieces
 21802 | Bazaar   | Bought a potion of resistance for 110 gold pieces
 21802 | Bazaar   | Bought a potion of restore abilities for 55 gold pieces
 21802 | Bazaar   | Bought a potion of curing for 33 gold pieces
 21802 | Bazaar   | Bought a potion of haste for 110 gold pieces
 21802 | Bazaar   | Bought a potion of curing for 33 gold pieces
 22056 | D:11     | Found a frozen archway.
 22060 | IceCv    | Entered an ice cave
 22544 | IceCv    | Found an ancient bone altar of Kikubaaqudgha.
 22840 | IceCv    | Received a gift from Trog
 23084 | D:11     | Found a staircase to the Orcish Mines.
 23400 | D:11     | Reached XP level 15. HP: 145/145 MP: 18/18
 23625 | Orc:1    | Entered Level 1 of the Orcish Mines
 23811 | Orc:1    | Noticed Grum
 23824 | Orc:1    | Killed Grum
 24005 | Orc:1    | Noticed Maurice
 24010 | Orc:1    | Killed Maurice
 24010 | Orc:1    | Reached skill level 5 in Evocations
 24041 | Orc:1    | Received a gift from Trog
 24206 | Orc:1    | Found a flagged portal.
 24213 | Bailey   | Entered a bailey
 25414 | Orc:2    | Found a radiant altar of Vehumet.
 25624 | Orc:2    | Found Goivamyps' Armour Shoppe.
 25903 | Orc:3    | Received a gift from Trog
 26395 | Orc:3    | Found a staircase to the Elven Halls.
 26742 | Orc:4    | Entered Level 4 of the Orcish Mines
 26838 | Orc:4    | Found a flickering gateway to a bazaar.
 26843 | Bazaar   | Entered a bazaar
 26843 | Bazaar   | Found Zunkij's Jewellery Boutique.
 26843 | Bazaar   | Found Streamex's Magic Scroll Shop.
 26844 | Bazaar   | Found Buclarch's Distillery.
 26847 | Bazaar   | Found Cabluusa's Food Shoppe.
 26902 | Bazaar   | Bought the ring "Stetsuh" {+Inv rF+ MP-9 Str+4 Dex+2 Stlth+} for 534 gold pieces
 26902 | Bazaar   | Bought the ring "Adeffub" {Wiz Str+2 Int+3} for 427 gold pieces
 26902 | Bazaar   | Bought an uncursed amulet of resist corrosion for 180 gold pieces
 26905 | Bazaar   | Bought a scroll of teleportation for 36 gold pieces
 26905 | Bazaar   | Bought a scroll of recharging for 114 gold pieces
 26905 | Bazaar   | Bought a scroll of blinking for 90 gold pieces
 26905 | Bazaar   | Bought a scroll of teleportation for 36 gold pieces
 26905 | Bazaar   | Bought a scroll of magic mapping for 42 gold pieces
 26910 | Bazaar   | Bought a potion of curing for 48 gold pieces
 26910 | Bazaar   | Bought a potion of magic for 128 gold pieces
 26910 | Bazaar   | Bought a potion of heal wounds for 80 gold pieces
 26910 | Bazaar   | Bought a potion of magic for 128 gold pieces
 26910 | Bazaar   | Bought a potion of curing for 48 gold pieces
 26910 | Bazaar   | Bought a potion of restore abilities for 80 gold pieces
 26910 | Bazaar   | Bought a potion of restore abilities for 80 gold pieces
 26910 | Bazaar   | Bought a potion of heal wounds for 80 gold pieces
 27363 | Orc:4    | Received a gift from Trog
 27737 | Orc:3    | Reached skill level 17 in Fighting
 28283 | Orc:4    | Found Shuevum's Book Boutique.
 28295 | Orc:4    | Found Shrethryc's General Store.
 28296 | Orc:4    | Found Thikh's Magic Scroll Boutique.
 28296 | Orc:4    | Found Ongiq's General Store.
 28304 | Orc:4    | Bought a scroll of fog for 26 gold pieces
 28304 | Orc:4    | Bought a scroll of magic mapping for 45 gold pieces
 28304 | Orc:4    | Bought a scroll of blinking for 97 gold pieces
 28304 | Orc:4    | Bought a scroll of fear for 45 gold pieces
 28304 | Orc:4    | Bought a scroll of teleportation for 39 gold pieces
 28307 | Orc:4    | Bought a scroll of fear for 49 gold pieces
 29311 | D:13     | Received a gift from Trog
 29703 | D:13     | Found a stormy altar of Qazlal.
 29996 | D:14     | Found a shattered altar of Ashenzari.
 30140 | D:14     | Noticed Kirke
 30162 | D:14     | Killed Kirke
 30268 | D:14     | Found a gate to the Vaults.
 30285 | D:14     | Reached skill level 18 in Fighting
 30901 | D:15     | Entered Level 15 of the Dungeon
 31425 | D:15     | Received a gift from Trog
 31540 | D:15     | Reached XP level 16. HP: 150/158 MP: 12/21
 31576 | D:15     | Found a corrupted altar of Lugonu.
 32834 | D:15     | Found a staircase to the Depths.
 33513 | Snake:1  | Entered Level 1 of the Snake Pit
 33646 | Snake:1  | Noticed Sonja
 33750 | Snake:1  | Noticed Nikola
 33770 | Snake:1  | Killed Nikola
 33770 | Snake:1  | Reached skill level 19 in Fighting
 33778 | Snake:1  | Noticed Josephine
 33785 | Snake:1  | Killed Josephine
 33999 | Snake:1  | Found Khoakeiqai's Book Emporium.
 34409 | Snake:1  | Noticed Nessos
 34428 | Snake:1  | Killed Nessos
 34923 | Snake:1  | Received a gift from Trog
 35265 | Snake:2  | Found Ibbooq's Antique Armour Shoppe.
 35432 | Snake:2  | Noticed Aizul
 35447 | Snake:2  | Killed Aizul
 35505 | Snake:2  | Noticed Vashnia
 35864 | Snake:2  | Killed Vashnia
 36447 | Snake:3  | Noticed Rupert
 36457 | Snake:3  | Paralysed by Rupert for 4 turns
 36468 | Snake:3  | Killed Rupert
 36584 | Snake:3  | Received a gift from Trog
 36593 | Snake:3  | Reached skill level 20 in Fighting
 36918 | Lair:1   | Reached XP level 17. HP: 169/169 MP: 15/24
 37280 | Snake:3  | Reached XP level 18. HP: 177/177 MP: 16/25
 38385 | Snake:5  | Entered Level 5 of the Snake Pit
 39022 | Snake:5  | Received a gift from Trog
 39983 | Snake:5  | Received a gift from Trog
 40072 | Snake:5  | Reached skill level 21 in Fighting
 40588 | Snake:5  | Got a serpentine rune of Zot
 41063 | Swamp:1  | Entered Level 1 of the Swamp
 41356 | Swamp:1  | Received a gift from Trog
 41634 | Swamp:1  | You fall through a shaft!
 42185 | Swamp:2  | Reached XP level 19. HP: 188/188 MP: 18/27
 43387 | Swamp:3  | Noticed Agnes
 43387 | Swamp:3  | Noticed Roxanne
 43404 | Swamp:3  | Killed Roxanne
 43411 | Swamp:3  | Killed Agnes
 43445 | Swamp:3  | Identified Roxanne's Reference Book on Clay (You took it off Roxanne on level 3 of the Swamp)
 43923 | Swamp:3  | Reached skill level 15 in Armour
 45073 | Swamp:5  | Entered Level 5 of the Swamp
 45134 | Swamp:5  | Noticed Louise
 45569 | Swamp:5  | Cast into the Abyss (Louise)
 45659 | Abyss:1  | Received a gift from Trog
 45702 | Abyss:1  | Noticed a bone dragon
 45715 | Abyss:1  | Killed a bone dragon
 45921 | Swamp:5  | Escaped the Abyss
 45933 | Swamp:5  | Killed Louise
 46247 | Swamp:5  | Noticed the 27-headed Lernaean hydra
 46262 | Swamp:5  | Killed the 26-headed Lernaean hydra
 46262 | Swamp:5  | Reached skill level 22 in Fighting
 46824 | Swamp:5  | Got a decaying rune of Zot
 47401 | Elf:1    | Entered Level 1 of the Elven Halls
 47453 | Elf:1    | Noticed Urug
 47469 | Elf:1    | Killed Urug
 47537 | Elf:1    | Noticed Snorg
 47549 | Elf:1    | Killed Snorg
 47677 | Elf:1    | Noticed Frances
 47700 | Elf:1    | Killed Frances
 47978 | Elf:1    | Noticed Maud
 47989 | Elf:1    | Killed Maud
 48036 | Elf:1    | Received a gift from Trog
 48076 | Elf:1    | Got a brightly glowing ring mail
 48087 | Elf:1    | Identified the +2 ring mail "Strufa Noma" {rC+ Str+2 Stlth-} (You found it on level 1 of the Elven Halls)
 48522 | Elf:2    | Reached XP level 20. HP: 172/199 MP: 19/28
 48621 | Elf:2    | Found a runed gate.
 48622 | Elf:2    | Found a runed gate.
 48622 | Elf:2    | Found a runed gate.
 49501 | Elf:3    | Entered Level 3 of the Elven Halls
 50357 | Elf:3    | Reached skill level 15 in Shields
 50416 | Elf:3    | Cast into the Abyss (a deep elf sorcerer)
 50527 | Abyss:1  | Received a gift from Trog
 50542 | Abyss:1  | Got a scorched shortbow {god gift}
 51524 | Abyss:1  | Found a corrupted altar of Lugonu.
 51881 | Abyss:1  | Found a deep blue altar of Sif Muna.
 51881 | Abyss:1  | Found a corrupted altar of Lugonu.
 51890 | Abyss:1  | Reached skill level 23 in Fighting
 52629 | Abyss:1  | Found a corrupted altar of Lugonu.
 52733 | Elf:3    | Escaped the Abyss
 52800 | Elf:3    | Received a gift from Trog
 53082 | Elf:3    | Got a polished spear
 53083 | Elf:3    | Identified the +3 spear "Psesiec" {pain, rC+ MR- Str+2 Dex+4} (You took it off a deep elf summoner on level 3 of the Elven Halls)
 53090 | Elf:3    | Identified the +11 shortbow "Lowoace" {god gift, freeze, Dex+4} (Trog gifted it to you on level 1 of the Abyss)
 53303 | Elf:3    | Got a dazzling leather armour
 53318 | Elf:3    | Identified the +0 leather armour of Kenof {Regen+ rCorr} (You took it off a deep elf annihilator on level 3 of the Elven Halls)
 53422 | Elf:3    | Reached XP level 21. HP: 210/210 MP: 19/28
 53531 | Elf:3    | Got a citrine-encrusted plate armour
 53542 | Elf:3    | Identified the cursed -5 plate armour of Noughts and Crosses {+Inv rF+ MR- rCorr MP+9} (You found it on level 3 of the Elven Halls)
 53568 | Elf:3    | Got an ichor-stained dagger
 53569 | Elf:3    | Identified the cursed +3 dagger "Ysio" {pierce, MR+ MP+9} (You found it on level 3 of the Elven Halls)
 53574 | Elf:3    | Got a pitted copper amulet
 53576 | Elf:3    | Identified the amulet "Kibi" {Clar rC+} (You found it on level 3 of the Elven Halls)
 53676 | Elf:3    | Cast into the Abyss (a deep elf sorcerer)
 53676 | Abyss:1  | Found a corrupted altar of Lugonu.
 53733 | Abyss:1  | Found a corrupted altar of Lugonu.
 53831 | Abyss:1  | Reached skill level 15 in Dodging
 54578 | Abyss:1  | Gained mutation: Armour fits poorly on your strangely shaped body. [a neqoxec]
 54582 | Abyss:1  | Gained mutation: You are weak. (Str -2) [a neqoxec]
 54739 | Abyss:1  | Received a gift from Trog
 55355 | Abyss:1  | Paralysed by you for 6 turns
 56412 | Abyss:1  | Found a radiant altar of Vehumet.
 56481 | Abyss:1  | Gained mutation: You expend magic power (3 MP) to slightly strengthen your wands. [a cacodemon]
 56713 | Abyss:1  | HP: 6/184 [lorocyproca (26)]
 56910 | Abyss:1  | Received a gift from Trog
 57051 | Abyss:1  | Paralysed by you for 3 turns
 57341 | Abyss:1  | Reached skill level 24 in Fighting
 57948 | Abyss:3  | Found a corrupted altar of Lugonu.
 57963 | Abyss:3  | Gained mutation: [You are frail (-10% HP).] [a neqoxec]
 58473 | Abyss:3  | Reached XP level 22. HP: 43/149 MP: 20/29
 58888 | Elf:3    | Escaped the Abyss
 59040 | Elf:3    | Received a gift from Trog
 59246 | Elf:3    | Lost mutation: Armour fits poorly on your strangely shaped body. [potion of cure mutation]
 59246 | Elf:3    | Lost mutation: You are partially covered in yellow scales (AC +2). [potion of cure mutation]
 59247 | Elf:3    | Lost mutation: You are weak. (Str -2) [potion of cure mutation]
 59247 | Elf:3    | Lost mutation: [You are frail (-10% HP).] [potion of cure mutation]
 59795 | Vaults:1 | Entered Level 1 of the Vaults
 60661 | Vaults:1 | Found Maisuim's Antique Armour Emporium.
 60763 | Vaults:1 | Received a gift from Trog
 61392 | Vaults:2 | Found a staircase to the Crypt.
 61788 | Vaults:2 | Found Bugogecu's General Store.
 61795 | Vaults:2 | Bought a potion of curing for 33 gold pieces
 61797 | Vaults:2 | Found a portal to a secret trove of treasure.
 62980 | Vaults:3 | Received a gift from Trog
 63099 | Vaults:3 | Cast into the Abyss (a wizard)
 63239 | Abyss:1  | Reached skill level 25 in Long Blades
 63781 | Abyss:1  | Reached XP level 23. HP: 113/226 MP: 20/29
 64328 | Vaults:3 | Escaped the Abyss
 64354 | Vaults:3 | HP: 9/301 [red devil/trident[an ironheart preserver] (11)]
 64355 | Vaults:3 | Mangled by a vault warden

Action                   |  1- 3 |  4- 6 |  7- 9 | 10-12 | 13-15 | 16-18 | 19-21 | 22-24 || total
-------------------------+-------+-------+-------+-------+-------+-------+-------+-------++-------
Melee: Falchion          |    71 |   205 |   408 |   867 |  1905 |  1252 |  2566 |  1084 ||  8358
Throw: Stone             |       |     4 |       |     1 |       |       |       |       ||     5
       Tomahawk          |       |       |       |     6 |       |     5 |    11 |     1 ||    23
Invok: Berserk           |     3 |     2 |     8 |     8 |     9 |     9 |    19 |     6 ||    64
Evoke: Wand              |       |       |       |       |       |       |     3 |     2 ||     5
  Use: Scroll            |       |    10 |     1 |     9 |    14 |     5 |     9 |     2 ||    50
       Potion            |       |     7 |       |       |     2 |     2 |     7 |     4 ||    22
 Stab: Invisible         |       |     2 |     1 |       |       |       |       |       ||     3
       Confused          |       |       |       |       |       |       |     2 |       ||     2
       Distracted        |       |       |       |       |       |       |     1 |       ||     1
  Eat: Chunk             |     5 |     9 |    22 |    26 |    54 |    43 |    30 |    20 ||   209
       Beef jerky        |       |       |       |     1 |     3 |     1 |       |       ||     5
       Pizza             |       |       |       |     1 |       |       |     1 |       ||     2
       Meat ration       |       |       |       |     1 |       |       |     5 |       ||     6
       Bread ration      |       |       |       |       |       |       |     4 |     1 ||     5
       Fruit             |       |       |       |       |       |       |     4 |       ||     4
